 Dungeon Crawl Stone Soup version 0.20.1-1-g8b1a95d (webtiles) character file.

108 Linguinho the Vexing (level 4, -3/32 HPs)
             Began as a Demonspawn Enchanter on Oct 31, 2017.
             Slain by an orc
             ... wielding a +0 trident
              (7 damage)
             ... on level 3 of the Dungeon.
             The game lasted 00:07:01 (2547 turns).

Linguinho the Vexing (Demonspawn Enchanter)         Turns: 2547, Time: 00:07:02

Health: -3/32      AC:  2    Str:  8    XL:     4   Next: 58%
Magic:  6/7        EV: 12    Int: 17    God:
Gold:   199        SH:  0    Dex: 14    Spells: 5/8 levels left

rFire    . . .     SeeInvis .   a - +1 dagger
rCold    . . .     Gourm    .   (no shield)
rNeg     . . .     Faith    .   u - +0 robe
rPois    .         Spirit   .   (helmet restricted)
rElec    .         Reflect  .   j - scarf {repulsion}
rCorr    .         Harm     +   (no gloves)
MR       .....                  (no boots)
Stlth    +++.......             k - amulet of harm
Regen    0.1/turn               r - ring of stealth
MPRegen  0.1/turn               (no ring)

@: repel missiles
A: claws 1, horns 2
a: no special abilities


You were on level 3 of the Dungeon.
You were not hungry.

You visited 1 branch of the dungeon, and saw 3 of its levels.

You collected 199 gold pieces.

Inventory:

Hand Weapons
 a - a +1 dagger (weapon)
Armour
 j - a scarf of repulsion (worn)
 u - a +0 robe (worn)
Jewellery
 k - an amulet of harm (around neck)
 r - a ring of stealth (left claw)
Scrolls
 e - 3 scrolls of identify {unknown}
 g - 2 scrolls of remove curse {unknown}
 h - 2 scrolls of fear {unknown}
 l - a scroll of fog {unknown}
 o - a scroll of immolation {unknown}
 p - a scroll of random uselessness {unknown}
 s - 3 scrolls of teleportation {unknown}
Potions
 b - a potion of mutation {unknown}
 f - a potion of agility {unknown}
 m - 2 potions of cancellation {unknown}
 n - a potion of resistance {unknown}
 q - a potion of flight {unknown}
 t - a potion of ambrosia {unknown}
 v - a potion of heal wounds {unknown}
 w - a potion of degeneration {unknown}
Books
 c - a book of Maledictions

   Spells                             Type                      Level
   a - Corona                         Hexes                        1
   b - Ensorcelled Hibernation        Hexes/Ice                    2
   c - Confuse                        Hexes                        3
   d - Tukima's Dance                 Hexes                        3
   e - Dazzling Spray                 Conjuration/Hexes            3
Comestibles
 d - a bread ration
 i - 3 royal jellies


   Skills:
 + Level 1.1 Fighting
 + Level 1.1 Short Blades
 + Level 2.2 Dodging
 + Level 3.6 Stealth
 + Level 2.5 Spellcasting
 + Level 3.6 Hexes
 + Level 0.5 Ice Magic


You had 5 spell levels left.
You knew the following spells:

 Your Spells              Type           Power        Failure   Level  Hunger
a - Corona                Hex            ##.....      4%          1    #......
b - Ensorcelled Hibernat  Hex/Ice        #.....       12%         2    ##.....


Dungeon Overview and Level Annotations

Branches:
Dungeon (3/15)

Altars:

Annotations:
D:3 1 runed door


Innate Abilities, Weirdness & Mutations

You have sharp fingernails.
You have a pair of horns on your head.


Message History

Confirm with . or Enter, or press ? or * to list all spells.
Aiming: Corona
Press: ? - help, Shift-Dir - straight line, f - orc
Aim: an orc, wielding a war axe of chopping (chance to defeat MR: 68%)
The orc is outlined in light.
The orc barely misses you.
You hit the orc. Your headbutt misses the orc.
The orc is lightly wounded.
The orc closely misses you.
The orc hits you from afar with a trident!
You barely miss the orc.
The orc is lightly wounded.
The orc barely misses you.
The orc hits you from afar with a trident.
* * * LOW HITPOINT WARNING * * *
You hit the orc.
The orc is almost dead.
The orc hits you with a war axe of chopping.
* * * LOW HITPOINT WARNING * * *
x2 The orc hits you from afar with a trident.
You die...

##.##.......#.# #....#.# #.#
#..........#.# #.##.#.###.##
#..........#.###.##.†.......
#.#####.....................
#.# #...##.#.####.........
#.# #..........###.####...
#.# #...####.### #.# #...
####.#####...####.# ###
##... #.............@ooo#
#...# #.##.........####o#
#...# # #.##..#.### #.#
#...# ...##..#.#


.oo #..[# ######....# ..... #...# #..÷....## ....... #.... #.......# #<.......
#####.# #.......# #......... #.# #.# #†......# #..........#.###.# You could see
4 orcs.

Vanquished Creatures
  Jessica (D:3)
  2 adders (D:3)
  An ooze (D:3)
  A worm (D:3)
  A dart slug (D:1)
  A leopard gecko (D:2)
  2 orcs (D:3)
  8 bats
  6 goblins
  4 hobgoblins
  9 jackals
  5 kobolds (D:1)
  2 quokkas (D:3)
  2 ball pythons (D:2)
  A frilled lizard (D:1)
  2 rats
48 creatures vanquished.

Notes
Turn   | Place    | Note
-------+----------+-------------------------------------------
     0 | D:1      | Linguinho the Demonspawn Enchanter began the quest for the Orb.
     0 | D:1      | Reached XP level 1. HP: 13/13 MP: 3/3
   250 | D:1      | Reached skill level 1 in Short Blades
   338 | D:1      | Gained mutation: You have a pair of small horns on your head. [demonic ancestry]
   338 | D:1      | Reached XP level 2. HP: 16/19 MP: 5/5
   612 | D:1      | Learned a level 2 spell: Ensorcelled Hibernation
  1051 | D:1      | Gained mutation: You have a pair of horns on your head. [demonic ancestry]
  1051 | D:1      | Reached XP level 3. HP: 24/25 MP: 6/6
  1727 | D:3      | Noticed Jessica
  1732 | D:3      | Killed Jessica
  1896 | D:3      | Gained mutation: You have sharp fingernails. [demonic ancestry]
  1896 | D:3      | Reached XP level 4. HP: 31/31 MP: 2/7
  2040 | D:3      | Found a runed door.
  2147 | D:3      | Reached skill level 1 in Fighting
  2547 | D:3      | Slain by an orc

Skill      XL: |  1  2  3  4 |
---------------+-------------+-----
Short Blades   | 1 |  1.1
Dodging        | 2 |  2.2
Stealth        | 3 |  3.6
Fighting       | 1 |  1.1
Spellcasting   | |  2.5
Hexes          | |  3.6
Ice Magic      | |  0.5

Action                   |  1- 3 |  4- 6 || total
-------------------------+-------+-------++-------
Melee: Dagger            |    86 |    35 ||   121
       Headbutt          |    11 |     2 ||    13
 Cast: Corona            |    16 |     4 ||    20
       Ensorcelled Hiber |    13 |     7 ||    20
 Stab: Sleeping          |    11 |     8 ||    19
  Eat: Chunk             |     3 |     4 ||     7
Armor: Robe              |    27 |    14 ||    41
Dodge: Dodged            |    64 |    25 ||    89
       Deflected         |     3 |       ||     3
